TOP OF THE 1ST |
St. Louis Cardinals batting - Pitching for Los Angeles Dodgers : RHP Jeff Samardzija
|
Pitching: RHP Jeff Samardzija
|
|
Batting: SHB Ozzie Albies
|
0-0: Ball 1-0: Foul Ball, location: 2F 1-1: Ball 2-1: Swinging Strike 2-2: Ball 3-2: Fly out, F7 (Flyball, 7LS, EV 92.5 MPH)
|
Batting: RHB Alex Bregman
|
0-0: Ball 1-0: Foul Ball, location: 2F 1-1: Swinging Strike 1-2: Ball 2-2: Ball 3-2: DOUBLE (Line Drive, 9LS, EV 106.3 MPH)
|
Batting: RHB Jose Alberto Martinez
|
0-0: Ground out 4-3 (Groundball, 4, EV 94.4 MPH) Alex Bregman to third
|
Batting: LHB Matt Olson
|
0-0: Ball 1-0: Swinging Strike 1-1: Called Strike 1-2: Strikes out swinging
|
Top of the 1st over - 0 runs, 1 hit, 0 errors, 1 left on base; St. Louis 0 - Los Angeles 0 |
BOTTOM OF THE 1ST |
Los Angeles Dodgers batting - Pitching for St. Louis Cardinals : RHP Marcos Molina
|
Pitching: RHP Marcos Molina
|
|
Batting: RHB Jose Peraza
|
0-0: Ball 1-0: Ground out 2-3 (Groundball, 2L, EV 67.5 MPH)
|
Batting: LHB Brett Gardner
|
0-0: Foul Ball, location: 2F 0-1: Ball 1-1: Called Strike 1-2: Foul Ball, location: 2F 1-2: Ball 2-2: Foul Ball, location: 2F 2-2: Foul Ball, location: 2F 2-2: Fly out, F7 (Flyball, 78D, EV 100.6 MPH)
|
Batting: RHB Josh Donaldson
|
0-0: Fly out, F8 (Flyball, 8RM, EV 83.1 MPH)
|
Bottom of the 1st over - 0 runs, 0 hits, 0 errors, 0 left on base; St. Louis 0 - Los Angeles 0 |
TOP OF THE 2ND |
St. Louis Cardinals batting - Pitching for Los Angeles Dodgers : RHP Jeff Samardzija
|
Batting: LHB Alex Avila
|
0-0: Ball 1-0: Ball 2-0: Swinging Strike 2-1: Called Strike 2-2: Ball 3-2: Base on Balls
|
Batting: LHB Brett Phillips
|
0-0: Ball 1-0: Foul Ball, location: 2F 1-1: Ball 2-1: Ground out 5-3 (Groundball, 5, EV 90.0 MPH) Alex Avila to second
|
Batting: RHB Harrison Bader
|
0-0: Called Strike 0-1: Foul Ball, location: 2F 0-2: Ball 1-2: Ball 2-2: Ball 3-2: Strikes out swinging
|
Batting: RHB Hernan Perez
|
0-0: Called Strike 0-1: Hit by Pitch
|
Batting: RHB Marcos Molina
|
0-0: Called Strike 0-1: Called Strike 0-2: SINGLE (Groundball, 6D, EV 99.4 MPH) Alex Avila to third Hernan Perez to second
|
Batting: SHB Ozzie Albies
|
0-0: Called Strike 0-1: Fly out, F9 (Flyball, 9LSF, EV 86.9 MPH)
|
Top of the 2nd over - 0 runs, 1 hit, 0 errors, 3 left on base; St. Louis 0 - Los Angeles 0 |
BOTTOM OF THE 2ND |
Los Angeles Dodgers batting - Pitching for St. Louis Cardinals : RHP Marcos Molina
|
Batting: LHB Brian Goodwin
|
0-0: Foul Ball, location: 2F 0-1: Called Strike 0-2: DOUBLE (Flyball, 8LXD, EV 106.3 MPH)
|
Batting: SHB Justin Smoak
|
0-0: Ball Wild Pitch! Brian Goodwin to third 1-0: Ground out 4-3 (Groundball, 4S, EV 63.8 MPH) Brian Goodwin scores
|
Batting: RHB Evan Gattis
|
0-0: Ball 1-0: Ball 2-0: Ground out 6-3 (Groundball, 6M, EV 86.3 MPH)
|
Batting: LHB Franchy Cordero
|
0-0: Ball 1-0: Ball 2-0: Ball 3-0: Called Strike 3-1: Ground out 4-3 (Groundball, 34, EV 105.6 MPH)
|
Bottom of the 2nd over - 1 run, 1 hit, 0 errors, 0 left on base; St. Louis 0 - Los Angeles 1 |
TOP OF THE 3RD |
St. Louis Cardinals batting - Pitching for Los Angeles Dodgers : RHP Jeff Samardzija
|
Batting: RHB Alex Bregman
|
0-0: Foul Ball, location: 2F 0-1: Hit by Pitch
|
Batting: RHB Jose Alberto Martinez
|
0-0: Ball 1-0: Ball 2-0: Ball 3-0: Base on Balls Alex Bregman to second
|
Batting: LHB Matt Olson
|
0-0: Ball 1-0: Called Strike 1-1: SINGLE (Line Drive, 78S, EV 99.4 MPH) Alex Bregman to third Jose Alberto Martinez to second
|
Batting: LHB Alex Avila
|
0-0: Ball 1-0: Ball 2-0: Ball 3-0: Called Strike 3-1: Foul Ball, location: 2F 3-2: Fly out, F8 (Flyball, 8RM, EV 85.0 MPH) Runner from 3rd tags up, SCORES, throw by CF
|
Batting: LHB Brett Phillips
|
0-0: Called Strike 0-1: SINGLE (Line Drive, 3D, EV 97.5 MPH) Jose Alberto Martinez to third Matt Olson to second
|
Batting: RHB Harrison Bader
|
0-0: Foul Ball, location: 2F 0-1: SINGLE (Groundball, 34, EV 93.8 MPH) (infield hit) Jose Alberto Martinez scores Matt Olson to third Brett Phillips to second
|
Batting: RHB Hernan Perez
|
0-0: Ball 1-0: Fielders Choice at 2nd, U6 (Groundball, 4M, EV 86.9 MPH) Matt Olson scores Brett Phillips to third
|
Batting: RHB Marcos Molina
|
0-0: Ball 1-0: Called Strike 1-1: Called Strike 1-2: Ball 2-2: Ball 3-2: Strikes out swinging
|
Top of the 3rd over - 3 runs, 3 hits, 0 errors, 2 left on base; St. Louis 3 - Los Angeles 1 |
BOTTOM OF THE 3RD |
Los Angeles Dodgers batting - Pitching for St. Louis Cardinals : RHP Marcos Molina
|
Batting: SHB Richard Urena
|
0-0: Called Strike 0-1: Called Strike 0-2: Foul Ball, location: 2F 0-2: Ball 1-2: Foul Ball, location: 2F 1-2: Foul Ball, location: 2F 1-2: DOUBLE (Groundball, 3L, EV 97.5 MPH)
|
Batting: RHB Jeff Samardzija
|
0-0: Sac Bunt to 25 - play at first, batter OUT! 5-4 Richard Urena to third
|
Batting: RHB Jose Peraza
|
0-0: Called Strike 0-1: Fly out, F4 (Line Drive, 4, EV 63.1 MPH)
|
Batting: LHB Brett Gardner
|
0-0: Reached on error, E7 (Flyball, 7S, EV 91.3 MPH) Richard Urena scores
|
Batting: RHB Josh Donaldson
|
0-0: Ball 1-0: Ball 2-0: Swinging Strike 2-1: Foul Ball, location: 2F 2-2: Strikes out swinging
|
Bottom of the 3rd over - 1 run, 1 hit, 1 error, 1 left on base; St. Louis 3 - Los Angeles 2 |
TOP OF THE 4TH |
St. Louis Cardinals batting - Pitching for Los Angeles Dodgers : RHP Jeff Samardzija
|
Batting: SHB Ozzie Albies
|
0-0: Called Strike 0-1: SINGLE (Groundball, 34D, EV 105.6 MPH)
|
Batting: RHB Alex Bregman
|
0-0: Called Strike 0-1: Ball 1-1: Called Strike 1-2: Foul Ball, location: 2F 1-2: Foul Ball, location: 2F 1-2: Ball 2-2: Fly out, F9 (Flyball, 9S, EV 87.5 MPH)
|
Pitching: RHP Jonathan Holder
|
|
Batting: RHB Jose Alberto Martinez
|
0-0: Called Strike 0-1: Swinging Strike 0-2: Ball 1-2: SINGLE (Flyball, 89M, EV 89.4 MPH) Ozzie Albies to second
|
Batting: LHB Matt Olson
|
0-0: Ball 1-0: Ball 2-0: Grounds into double play, 3-6-3 (Groundball, 34, EV 99.4 MPH)
|
Top of the 4th over - 0 runs, 2 hits, 0 errors, 1 left on base; St. Louis 3 - Los Angeles 2 |
BOTTOM OF THE 4TH |
Los Angeles Dodgers batting - Pitching for St. Louis Cardinals : RHP Marcos Molina
|
Batting: LHB Brian Goodwin
|
0-0: Called Strike 0-1: Foul Ball, location: 2F 0-2: Foul Ball, location: 2F 0-2: Fly out, F4 (Popup, 3S, EV 83.8 MPH)
|
Batting: SHB Justin Smoak
|
0-0: Swinging Strike 0-1: Ball 1-1: Ball 2-1: Called Strike 2-2: Fly out, F8 (Flyball, 8LS, EV 79.4 MPH)
|
Batting: RHB Evan Gattis
|
0-0: Ball 1-0: Ball 2-0: Ball 3-0: Base on Balls
|
Batting: LHB Franchy Cordero
|
0-0: Ball 1-0: Ball 2-0: Ball Wild Pitch! Evan Gattis to second 3-0: Called Strike 3-1: Swinging Strike 3-2: Foul Ball, location: 2F 3-2: Strikes out looking
|
Bottom of the 4th over - 0 runs, 0 hits, 0 errors, 1 left on base; St. Louis 3 - Los Angeles 2 |
TOP OF THE 5TH |
St. Louis Cardinals batting - Pitching for Los Angeles Dodgers : RHP Jonathan Holder
|
Batting: LHB Alex Avila
|
0-0: Called Strike 0-1: Called Strike 0-2: Foul Ball, location: 2F 0-2: Strikes out swinging, 2-3 out at first.
|
Batting: LHB Brett Phillips
|
0-0: Foul Ball, location: 2F 0-1: Ball 1-1: Called Strike 1-2: Fly out, F9 (Flyball, 9LS, EV 80.6 MPH)
|
Pitching: RHP Phil Maton
|
|
Batting: RHB Harrison Bader
|
0-0: Called Strike 0-1: Ball 1-1: Foul Ball, location: 2F 1-2: Foul Ball, location: 2F 1-2: Ball 2-2: Strikes out swinging
|
Top of the 5th over - 0 runs, 0 hits, 0 errors, 0 left on base; St. Louis 3 - Los Angeles 2 |
BOTTOM OF THE 5TH |
Los Angeles Dodgers batting - Pitching for St. Louis Cardinals : RHP Marcos Molina
|
Batting: SHB Richard Urena
|
0-0: Ball 1-0: Ball 2-0: SINGLE (Groundball, 56D, EV 100.6 MPH)
|
Batting: RHB Phil Maton
|
0-0: Reached on error, E1 (Groundball, P, EV 43.8 MPH) Richard Urena to second
|
Batting: RHB Jose Peraza
|
0-0: Called Strike 0-1: SINGLE (Line Drive, 8LS, EV 95.6 MPH) Richard Urena to third Phil Maton to second
|
Batting: LHB Brett Gardner
|
0-0: Grounds into double play, 3-6-3 (Groundball, 34, EV 81.3 MPH) Richard Urena scores Phil Maton to third
|
Batting: RHB Josh Donaldson
|
0-0: Ball 1-0: Called Strike 1-1: Swinging Strike 1-2: Fly out, F8 (Flyball, 78S, EV 90.6 MPH)
|
Bottom of the 5th over - 1 run, 2 hits, 1 error, 1 left on base; St. Louis 3 - Los Angeles 3 |
TOP OF THE 6TH |
St. Louis Cardinals batting - Pitching for Los Angeles Dodgers : RHP Phil Maton
|
Batting: RHB Hernan Perez
|
0-0: Ball 1-0: SINGLE (Groundball, 6D, EV 101.9 MPH)
|
Pinch Hitting: LHB Austin Meadows
|
0-0: Called Strike 0-1: Called Strike 0-2: Foul Ball, location: 2F 0-2: Ball 1-2: Strikes out swinging
|
Pitching: RHP Jacob Barnes
|
|
Batting: SHB Ozzie Albies
|
0-0: Foul Ball, location: 2F 0-1: Ball 1-1: Ball 2-1: Called Strike 2-2: Strikes out looking Hernan Perez steals 2nd, throwing error, E2 Hernan Perez to third
|
Batting: RHB Alex Bregman
|
0-0: Ball 1-0: Foul Ball, location: 2F 1-1: Called Strike 1-2: Ball 2-2: Foul Ball, location: 2F 2-2: Foul Ball, location: 2F 2-2: SINGLE (Groundball, 56D, EV 107.5 MPH) Hernan Perez scores
|
Batting: RHB Jose Alberto Martinez
|
0-0: Called Strike 0-1: Foul Ball, location: 2F 0-2: Ball 1-2: Foul Ball, location: 2F 1-2: Strikes out looking
|
Top of the 6th over - 1 run, 2 hits, 1 error, 1 left on base; St. Louis 4 - Los Angeles 3 |
BOTTOM OF THE 6TH |
Los Angeles Dodgers batting - Pitching for St. Louis Cardinals : RHP Marcos Molina
|
Pitching: RHP Zac Reininger
|
|
Batting: LHB Brian Goodwin
|
0-0: Called Strike 0-1: Ball 1-1: Fly out, F8 (Flyball, 8LXD, EV 90.0 MPH)
|
Batting: SHB Justin Smoak
|
0-0: SINGLE (Line Drive, 4MD, EV 95.0 MPH)
|
Batting: RHB Evan Gattis
|
0-0: Called Strike 0-1: Called Strike 0-2: Ball 1-2: Ball 2-2: Fly out, F7 (Flyball, 7, EV 69.4 MPH)
|
Batting: LHB Franchy Cordero
|
0-0: Ball 1-0: Foul Ball, location: 2F 1-1: Called Strike 1-2: Strikes out swinging
|
Bottom of the 6th over - 0 runs, 1 hit, 0 errors, 1 left on base; St. Louis 4 - Los Angeles 3 |
TOP OF THE 7TH |
St. Louis Cardinals batting - Pitching for Los Angeles Dodgers : RHP Jacob Barnes
|
Pitching: LHP Sam Freeman
|
|
Batting: LHB Matt Olson
|
0-0: Called Strike 0-1: Foul Ball, location: 2F 0-2: Strikes out swinging
|
Batting: LHB Alex Avila
|
0-0: Ball 1-0: Called Strike 1-1: Ball 2-1: Ball 3-1: Base on Balls
|
Pitching: RHP Keynan Middleton
|
|
Batting: LHB Brett Phillips
|
0-0: Foul Ball, location: 2F 0-1: Swinging Strike 0-2: Ball 1-2: Strikes out swinging
|
Batting: RHB Harrison Bader
|
0-0: SINGLE (Groundball, 4MD, EV 98.8 MPH) Alex Avila to second
|
Batting: RHB Hernan Perez
|
0-0: Ball 1-0: Called Strike 1-1: Ball 2-1: Ball 3-1: Ground out 4-3 (Groundball, 4, EV 81.3 MPH)
|
Top of the 7th over - 0 runs, 1 hit, 0 errors, 2 left on base; St. Louis 4 - Los Angeles 3 |
BOTTOM OF THE 7TH |
Los Angeles Dodgers batting - Pitching for St. Louis Cardinals : RHP Zac Reininger
|
Pitching: LHP David Oca
|
|
Batting: SHB Richard Urena
|
0-0: Called Strike 0-1: Foul Ball, location: 2F 0-2: Foul Ball, location: 2F 0-2: SINGLE (Flyball, 78S, EV 91.9 MPH)
|
Pinch Hitting: RHB Mookie Betts
|
0-0: Ball 1-0: Ball 2-0: Ball 3-0: Base on Balls Richard Urena to second
|
Batting: RHB Jose Peraza
|
0-0: Ball 1-0: Ball 2-0: Foul Ball, location: 2F 2-1: Foul Ball, location: 2F 2-2: Grounds into double play, 4-6-3 (Groundball, 34, EV 98.8 MPH) Richard Urena to third
|
Pinch Hitting: RHB David Freese
|
0-0: Ball 1-0: Foul Ball, location: 2F 1-1: Called Strike 1-2: Ground out 5-3 (Groundball, 56, EV 83.1 MPH)
|
Bottom of the 7th over - 0 runs, 1 hit, 0 errors, 1 left on base; St. Louis 4 - Los Angeles 3 |
TOP OF THE 8TH |
St. Louis Cardinals batting - Pitching for Los Angeles Dodgers : RHP Keynan Middleton
|
Pitching: RHP Scott Oberg
|
|
Now in RF: Mookie Betts
|
|
Pinch Hitting: RHB Taylor Ward
|
0-0: Foul Ball, location: 2F 0-1: Ball 1-1: Foul Ball, location: 2F 1-2: Ball 2-2: Strikes out swinging
|
Batting: SHB Ozzie Albies
|
0-0: Ball 1-0: Swinging Strike 1-1: Ball 2-1: Ball 3-1: Called Strike 3-2: DOUBLE (Flyball, 8RXD, EV 96.3 MPH)
|
Batting: RHB Alex Bregman
|
0-0: Intentional Walk
|
Pitching: RHP Cody Allen
|
|
Batting: RHB Jose Alberto Martinez
|
0-0: Ball 1-0: Fly out, F6 (Popup, P, EV 80.6 MPH)
|
Batting: LHB Matt Olson
|
0-0: Ball 1-0: Called Strike 1-1: Called Strike 1-2: Foul Ball, location: 2F 1-2: Foul Ball, location: 2F 1-2: Ball 2-2: Strikes out swinging
|
Top of the 8th over - 0 runs, 1 hit, 0 errors, 2 left on base; St. Louis 4 - Los Angeles 3 |
BOTTOM OF THE 8TH |
Los Angeles Dodgers batting - Pitching for St. Louis Cardinals : LHP David Oca
|
Pitching: RHP Fernando Rodney
|
|
Batting: RHB Josh Donaldson
|
0-0: Foul Ball, location: 2F 0-1: Swinging Strike 0-2: Foul Ball, location: 2F 0-2: Ball 1-2: Ball 2-2: Ball 3-2: Fly out, F3 (Popup, 34S, EV 69.4 MPH)
|
Batting: LHB Brian Goodwin
|
0-0: Ball 1-0: Foul Ball, location: 2F 1-1: Ball 2-1: Called Strike 2-2: Ball 3-2: Base on Balls
|
Batting: SHB Justin Smoak
|
0-0: Ball 1-0: Foul Ball, location: 2F 1-1: Swinging Strike 1-2: Ball 2-2: Foul Ball, location: 2F 2-2: Strikes out swinging
|
Batting: RHB Evan Gattis
|
0-0: Ball 1-0: Called Strike 1-1: Ball 2-1: Swinging Strike 2-2: SINGLE (Groundball, 6MD, EV 107.5 MPH) Brian Goodwin to second
|
Batting: LHB Franchy Cordero
|
0-0: Called Strike 0-1: Ball 1-1: Foul Ball, location: 2F 1-2: Foul Ball, location: 2F 1-2: Foul Ball, location: 2F 1-2: Ball 2-2: Foul Ball, location: 2F 2-2: Ball 3-2: Strikes out swinging
|
Bottom of the 8th over - 0 runs, 1 hit, 0 errors, 2 left on base; St. Louis 4 - Los Angeles 3 |
TOP OF THE 9TH |
St. Louis Cardinals batting - Pitching for Los Angeles Dodgers : RHP Cody Allen
|
Batting: LHB Alex Avila
|
0-0: Ball 1-0: Foul Ball, location: 2F 1-1: Called Strike 1-2: Foul Ball, location: 2F 1-2: Ball 2-2: Foul Ball, location: 2F 2-2: Strikes out looking
|
Batting: LHB Brett Phillips
|
0-0: Called Strike 0-1: Ball 1-1: Foul Ball, location: 2F 1-2: Strikes out swinging, 2-3 out at first.
|
Batting: RHB Harrison Bader
|
0-0: Ground out 4-3 (Groundball, 4, EV 83.8 MPH)
|
Top of the 9th over - 0 runs, 0 hits, 0 errors, 0 left on base; St. Louis 4 - Los Angeles 3 |
BOTTOM OF THE 9TH |
Los Angeles Dodgers batting - Pitching for St. Louis Cardinals : RHP Fernando Rodney
|
Pitching: RHP Erick Fedde
|
|
Now at C: Yan Gomes
|
|
Batting: SHB Richard Urena
|
0-0: SINGLE (Groundball, 4MD, EV 102.5 MPH)
|
Batting: RHB Mookie Betts
|
0-0: Ball 1-0: Foul Ball, location: 2F 1-1: Foul Ball, location: 2F 1-2: Strikes out swinging
|
Batting: RHB Jose Peraza
|
0-0: Ball 1-0: Fly out, F8 (Flyball, 8LD, EV 100.6 MPH)
|
Pinch Hitting: RHB Randal Grichuk
|
0-0: Swinging Strike 0-1: Swinging Strike 0-2: Ball 1-2: Foul Ball, location: 2F 1-2: Ball 2-2: Ball 3-2: Base on Balls Richard Urena to second
|
Batting: RHB Josh Donaldson
|
0-0: Ball 1-0: Ball 2-0: Ball 3-0: Base on Balls Richard Urena to third Randal Grichuk to second
|
Batting: LHB Brian Goodwin
|
0-0: Called Strike 0-1: Fly out, F4 (Popup, 34, EV 52.5 MPH)
|
Bottom of the 9th over - 0 runs, 1 hit, 0 errors, 3 left on base; St. Louis 4 - Los Angeles 3 |
|